 Dungeon Crawl Stone Soup version 0.31-a0-188-g5e087ee2ca (webtiles) character file.

Game seed: 16295374323974387919

228 qw the Skirmisher (level 5, -4/30 HPs)
             Began as a Deep Elf Hunter on June 23, 2023.
             Killed by nerve-wracking pain
             ... invoked by an orc priest
              (7 damage)
             ... on level 4 of the Dungeon.
             The game lasted 00:01:09 (2752 turns).

qw the Skirmisher (Deep Elf Hunter)                 Turns: 2752, Time: 00:01:09

Health: -4/30      AC: 10    Str: 10    XL:     5   Next: 71%
Magic:  7/7        EV: 11    Int: 14    God:
Gold:   118        SH:  0    Dex: 18    Spells: 4/4 levels left

rFire   . . .        Y - +1 shortbow
rCold   . . .        (shield currently unavailable)
rNeg    . . .        b - +0 ring mail "Uple" {+Inv rCorr}
rPois   .            f - +1 helmet of Subjectivity {Regen+ Stlth+}
rElec   .            (no cloak)
rCorr   +            (no gloves)
SInv    .            i - +2 pair of boots
Will    .....        (no amulet)
Stlth   +            (no ring)
HPRegen 1.05/turn    (no ring)
MPRegen 0.10/turn

%: no passive effects
@: confused
A: no striking features
a: Evoke Invisibility


You were on level 4 of the Dungeon.
You visited 1 branch of the dungeon, and saw 4 of its levels.

You collected 118 gold pieces.


   Skills:
 - Level 2.1 Fighting
 - Level 9.0 Ranged Weapons
 + Level 0.0 Armour
 - Level 2.4 Dodging
 - Level 1.2 Stealth


You had 4 spell levels left.
You didn't know any spells.
Your spell library was empty.

Inventory:

Hand Weapons
 Y - a +1 shortbow (weapon)
Armour
 b - the +0 ring mail "Uple" (worn) {+Inv rCorr}
   (You found it on level 2 of the Dungeon)

   +Inv:      It lets you turn invisible.
   rCorr:     It protects you from acid and corrosion.
 f - the +1 helmet of Subjectivity (worn) {Regen+ Stlth+}
   (You took it off Robin on level 3 of the Dungeon)

   Regen:     It increases your rate of health regeneration.
   Stlth:     It makes you more stealthy.
 i - a +2 pair of boots (worn)
Scrolls
 c - a scroll of identify
Potions
 a - a potion of enlightenment {unknown}
 g - a potion of curing {unknown}

Dungeon Overview and Level Annotations

Branches:
Dungeon (4/15)
 Temple: D:4-7

Altars:
Okawaru


Message History

You shoot an arrow. The arrow hits the orc wizard.
The orc wizard is moderately wounded.
You shoot an arrow.
The arrow closely misses the orc wizard.
You shoot an arrow. The arrow hits the orc wizard!
The orc wizard is severely wounded.
An orc priest comes into view. It is wielding a +0 war axe.
You shoot an arrow. The orc priest shouts!
The arrow hits the orc wizard but does no damage.
The orc wizard is severely wounded.
You hear a shout!
The orc wizard hits you but does no damage.
You shoot an arrow.
The arrow hits the orc wizard but does no damage.
The orc wizard is severely wounded.
The orc priest calls upon Beogh to heal the orc wizard.
The orc wizard is healed somewhat.
An orc priest comes into view. It is wielding a +0 falchion.
The orc wizard hits you but does no damage.
You hear a shout!
You shoot an arrow. The arrow barely misses the orc wizard.
The orc priest shouts!
The orc wizard casts a spell at you.
You are confused.
An orc comes into view. It is wielding a +0 short sword.
The orc priest looks encouraged for a moment.
The orc wizard closely misses you.
An orc wizard comes into view. It is wielding a +0 dagger.
The orc priest calls down the wrath of Beogh upon you.
Beogh smites you!
A goblin comes into view. It is wielding a +0 club.
The orc priest invokes the aid of Beogh against you.
Beogh smites you! The orc wizard completely misses you.
The orc wizard casts a spell at you. The puff of flame hits you.
The orc wizard barely misses you.
The orc priest calls down the wrath of Beogh upon you.
Pain shoots through your body!
You die...

.. ## ..:. ### .
.....#...# .#
#...g...#.#..
#.#...#o._..###..
#.......#.#......
#......oo....#
#..)...(.@#
#.......%.#####
#.............#
#....$...#....#.
#........###....<
#.......<##......
#.......|........
#........##....##
###.##.... ..##


You could see 2 orc priests, an orc wizard and a goblin.

Vanquished Creatures
  An iguana (D:4)
  Ijyb (D:3)
  Natasha (D:3)
  An orc wizard (D:3)
  Robin (D:3)
  An adder (D:3)
  2 worms (D:2)
  A dart slug (D:2)
  7 orcs
  3 endoplasms
  3 giant cockroaches
  7 goblins
  13 hobgoblins
  12 jackals
  6 kobolds
  2 quokkas
  7 ball pythons
  3 bats
  3 frilled lizards
  12 rats
87 creatures vanquished.

Notes
Turn   | Place    | Note
-------+----------+-------------------------------------------
     0 | D:1      | qw the Deep Elf Hunter began the quest for the Orb.
     0 | D:1      | Reached XP level 1. HP: 12/12 MP: 3/3
     0 | D:1      | 0 ||| qw: Version: 0.3-a-9-g12657ce
     0 | D:1      | 0 ||| qw: Game counter: 3316
     0 | D:1      | 0 ||| qw: Always use a shield: true
     0 | D:1      | 0 ||| qw: God list: Okawaru
     0 | D:1      | 0 ||| qw: Allow faded altars: false
     0 | D:1      | 0 ||| qw: Do Orc after D:15 true
     0 | D:1      | 0 ||| qw: Do second Lair branch before Depths: true
     0 | D:1      | 0 ||| qw: Lair rune preference: random
     0 | D:1      | 0 ||| qw: Plans: Normal
     0 | D:1      | 0 ||| PLANNING D:1-11
   212 | D:1      | Reached skill level 6 in Ranged Weapons
   212 | D:1      | Reached XP level 2. HP: 16/16 MP: 4/4
   688 | D:1      | 688 ||| UPGRADING to +0 helmet.
   693 | D:1      | 693 ||| UPGRADING to +0 ring mail.
   703 | D:1      | 703 ||| DROPPING +0 leather armour.
   704 | D:1      | 704 ||| READING scroll labelled RASUOW CIWNAUGALE.
   705 | D:1      | 705 ||| READING scroll labelled JYTHIW IHUKE.
   706 | D:1      | 706 ||| DRINKING 3 cyan potions.
   707 | D:1      | 707 ||| DROPPING scroll of butterflies.
   708 | D:1      | 708 ||| DROPPING 2 potions of brilliance.
   797 | D:2      | Reached XP level 3. HP: 20/20 MP: 5/5
   906 | D:2      | Identified the +0 ring mail "Uple" {+Inv rCorr}
  1015 | D:2      | Reached skill level 7 in Ranged Weapons
  1489 | D:2      | 1489 ||| UPGRADING to +0 ring mail "Uple" {+Inv rCorr}.
  1499 | D:2      | 1499 ||| DROPPING +0 ring mail.
  1609 | D:3      | Found a faded altar of an unknown god.
  1683 | D:3      | Identified the +1 helmet of Subjectivity {Regen+ Stlth+}
  1683 | D:3      | Noticed Robin
  1691 | D:3      | Killed Robin
  1692 | D:3      | Reached XP level 4. HP: 25/25 MP: 6/6
  1714 | D:3      | HP: 6/25 [hobgoblin[Robin] (1)]
  1719 | D:3      | HP: 4/25 [hobgoblin[Robin] (3)]
  1757 | D:3      | Noticed Ijyb
  1758 | D:3      | 1758 ||| FLEEEEING.
  1759 | D:3      | 1759 ||| FLEEEEING.
  1760 | D:3      | 1760 ||| FLEEEEING.
  1761 | D:3      | 1761 ||| FLEEEEING.
  1986 | D:3      | Noticed Natasha
  1990 | D:3      | Killed Natasha
  1991 | D:3      | Reached skill level 8 in Ranged Weapons
  2082 | D:3      | Killed Ijyb
  2083 | D:3      | Reached XP level 5. HP: 10/29 MP: 7/7
  2620 | D:3      | 2620 ||| UPGRADING to +1 helmet of Subjectivity {Regen+
                  | Stlth+}.
  2630 | D:3      | 2630 ||| DROPPING +0 helmet.
  2631 | D:3      | 2631 ||| UPGRADING to +2 pair of boots.
  2636 | D:3      | 2636 ||| READING scroll labelled XOREME JAINY.
  2637 | D:3      | 2637 ||| READING scroll labelled VIEPSEHUSE.
  2638 | D:3      | 2638 ||| DRINKING 2 glowing yellow potions.
  2676 | D:4      | 2676 ||| STAIRDANCE
  2679 | D:3      | Reached skill level 9 in Ranged Weapons
  2687 | D:4      | 2687 ||| STAIRDANCE
  2703 | D:4      | 2703 ||| STAIRDANCE
  2714 | D:4      | Found an iron altar of Okawaru.
  2715 | D:4      | 2715 ||| PLANNING OKAWARU WORSHIP
  2731 | D:4      | HP: 6/30 [iguana (9)]
  2732 | D:4      | 2732 ||| DRINKING potion of heal wounds.
  2749 | D:4      | HP: 2/30 [orc priest/divine providence (14)]
  2752 | D:4      | Killed from afar by an orc priest

Levels and vault maps discovered:
D:1:      dpeg_arrival_round_c, layout_basic, grunt_decor_arrowhead
D:2:      layout_rooms, serial_rivers, chequers_serial_rivers_micro_c,
          chequers_serial_rivers_room_a, chequers_serial_rivers_large_a,
          chequers_serial_rivers_small_b, chequers_serial_rivers_large_b,
          grunt_decor_junction
D:3:      layout_loops_corners, shapermc_ecumenical_altar_notcrosses,
          grunt_ministairs_15, uniq_natasha, uniq_robin, uniq_ijyb
D:4:      layout_rooms, tgw_fedhas, lemuel_crystal_altar

Skill      XL: |  1  2  3  4  5 |
---------------+----------------+-----
Ranged Weapons | 6 7 8 9 |  9.0
Fighting       | 2 |  2.1
Dodging        | |  2.4
Stealth        | |  1.2

Action                     |  1- 3 |  4- 6 || total
---------------------------+-------+-------++-------
   Fire: Shortbow          |   136 |   144 ||   280
    Use: Scroll            |     2 |     2 ||     4
         Potion            |     1 |     2 ||     3
 Armour: Leather armour    |     1 |       ||     1
         Ring mail         |    13 |    51 ||    64
  Dodge: Dodged            |    19 |    65 ||    84

Table legend:
 A = Non-vault XP
 B = Vault XP
 C = Vault XP percentage of total XP
 D = Non-vault monster count
 E = Vault monster count
 F = Vault count percentage of total count
                 A         B        C        D         E       F
            +---------+---------+-------+---------+---------+-------
      Total |     219 |     108 |  33.0 |      72 |      15 |  17.2
            +---------+---------+-------+---------+---------+-------
        D:1 |      34 |       0 |   0.0 |      21 |       0 |   0.0
        D:2 |      43 |       0 |   0.0 |      21 |       0 |   0.0
        D:3 |      98 |     108 |  52.4 |      27 |      15 |  35.7
        D:4 |      44 |       0 |   0.0 |       3 |       0 |   0.0
            +---------+---------+-------+---------+---------+-------
